 Dungeon Crawl Stone Soup version 0.27-a0-899-ge2d0b17c59 (webtiles) character file.

Game seed: 17776113532389787413

4315 jestyr24 the Thaumaturge (level 10, 0/70 HPs)
             Began as a Djinni Earth Elementalist on Apr 6, 2021.
             Was an Elder of Okawaru.
             Slain by a killer bee (2 damage)
             ... on level 8 of the Dungeon.
             The game lasted 00:49:13 (10190 turns).

jestyr24 the Thaumaturge (DjEE)                    Turns: 10190, Time: 00:49:13

Health: 0/70       AC:  7    Str:  7    XL:     10   Next: 33%
Gold:   313        EV: 14    Int: 20    God:    Okawaru [****..] SH:  0 Dex: 14

rFire    + + .     SeeInvis .   b - +5 dagger (vamp)
rCold    x . .     Faith    .   (no shield)
rNeg     + . .     Spirit   .   m - +2 animal skin
rPois    ∞         Reflect  .   q - +1 helmet
rElec    .         Harm     .   u - +0 cloak
rCorr    .         Rampage  .   (no gloves)
Will     +....                  (boots unavailable)
Stlth    +++.......             (no amulet)
HPRegen  0.21/turn              j - +4 ring of slaying
MPRegen  0.00/turn              i - ring of positive energy

@: about to teleport, marked, flying
A: fire resistance 2, cold vulnerability 1, float, innate caster, hp casting,
extra vitality 1
a: Renounce Religion, Heroism


You were on level 8 of the Dungeon.
You worshipped Okawaru.
Okawaru was greatly pleased with you.
You visited 2 branches of the dungeon, and saw 9 of its levels.
You also visited: Ossuary.

You collected 313 gold pieces.

Inventory:

Hand Weapons
 a - the +7 dagger of Buskase {holy, +Blink Int+5}
   (You found it on level 5 of the Dungeon)

   It has been blessed by the Shining One to cause great damage to the undead
   and demons.
   It affects your intelligence (+5).
   It lets you blink.
 b - a +5 vampiric dagger (weapon)
 s - a +4 dagger
Missiles
 l - 7 curare-tipped darts
 n - 5 datura-tipped darts
 p - 199 stones
 y - 27 poisoned darts
 A - a throwing net
 L - 9 boomerangs
Armour
 m - a +2 animal skin (worn)
 q - a +1 helmet (worn)
 u - a +0 cloak (worn)
Jewellery
 i - a ring of positive energy (right hand)
 j - a +4 ring of slaying (left hand)
Wands
 c - a wand of flame (9)
 d - a wand of mindburst (9)
 h - a wand of charming (2)
 D - a wand of random effects (15)
 I - a wand of paralysis (4)
 J - a wand of acid (9)
Scrolls
 g - a scroll of teleportation
 r - a scroll of acquirement {unknown}
 v - a scroll of blinking {unknown}
 w - a scroll of summoning {unknown}
 B - 2 scrolls of fog
 F - a scroll of torment {unknown}
Potions
 e - 2 potions of attraction {unknown}
 f - 2 potions of berserk rage
 k - 3 potions of brilliance
 o - 3 potions of curing
 t - 4 potions of haste
 x - a potion of lignification {unknown}
 E - 2 potions of invisibility
 G - a potion of cancellation {unknown}
 K - a potion of might {unknown}


   Skills:
 * Level 5.1 Fighting
 - Level 1.0 Short Blades
 * Level 6.3 Dodging
 * Level 5.5 Stealth
 + Level 9.3 Spellcasting
 * Level 3.0 Evocations


You had 3 spell levels left.
You knew the following spells:

 Your Spells              Type           Power      Damage    Failure   Level
a - Sandblast             Erth           92%        2d19      1%          1
b - Passwall              Tmut/Erth      38%        N/A       1%          2
c - Stone Arrow           Conj/Erth      92%        3d12      1%          3
d - Petrify               Tmut/Erth      46%        N/A       1%          4
e - Lee's Rapid Deconstr  Erth           23%        3d14*     4%          5
f - Corona                Hex            51%        N/A       1%          1
g - Ensorcelled Hibernat  Hex/Ice        92%        N/A       1%          2
h - Call Canine Familiar  Summ           46%        N/A       1%          3
i - Dazzling Flash        Conj/Hex       92%        N/A       1%          3
Your spell library was empty.

Dungeon Overview and Level Annotations

Branches:
Dungeon (8/15)             Temple (1/1) D:5         Ossuary (visited)
   Lair: D:8-11

Altars:
Ashenzari
Cheibriados
Dithmenos
Elyvilon
Fedhas
Gozag
Hepliaklqana
Kikubaaqudgha
Makhleb
Nemelex Xobeh
Okawaru
Qazlal
Ru
Sif Muna
Trog
Vehumet
Wu Jian
Xom
Yredelemnul
Zin
The Shining One

Shops:
D:1 ?=((


Innate Abilities, Weirdness & Mutations

You are immune to poison.
Your flesh is very heat resistant. (rF++)
You are vulnerable to cold. (rC-)
You float through the air rather than walking.
You learn spells naturally, not from books.
Your magical power is your life essence.
You have superior vitality. (+4 HP)


Message History

Your Evocations skill increases to level 3!
Casting: Stone Arrow (safe; 1% risk of failure)
Confirm with . or Enter, or press ? or * to list all spells.
Aiming: Stone Arrow (safe; 1% risk of failure)
Press: ? - help, Shift-Dir - straight line, f - killer bee
Aim: a killer bee (49% to evade)
The stone arrow hits the killer bee!
The killer bee is severely wounded.
The killer bee stings you!
* * * LOW HITPOINT WARNING * * *
The killer bee barely misses you.
Casting: Stone Arrow (safe; 1% risk of failure)
Confirm with . or Enter, or press ? or * to list all spells.
Aiming: Stone Arrow (safe; 1% risk of failure)
Press: ? - help, Shift-Dir - straight line, f/p - killer bee
Aim: a killer bee (severely wounded, 49% to evade)
The stone arrow misses the killer bee.
* * * LOW HITPOINT WARNING * * *
The killer bee stings you!
* * * LOW HITPOINT WARNING * * *
The killer bee stings you.
* * * LOW HITPOINT WARNING * * *
You hit the killer bee.
You feel better.
The killer bee is almost dead.
The killer bee misses you.
A water moccasin comes into view.
The killer bee closely misses you.
You miss the killer bee.
The killer bee is almost dead.
The killer bee stings you.
* * * LOW HITPOINT WARNING * * *
The killer bee closely misses you.
You miss the killer bee.
The killer bee is almost dead.
The killer bee stings you but does no damage.
Unknown command.
As you read the scroll of teleportation, it crumbles to dust.
You feel strangely unstable. The killer bee barely misses you.
The killer bee stings you.
You die...

#.###.##
#......
#.....#
#.....#
..... ...
#.# #@#
#y# . #Y#
..P.####S#
..P.....y#
P....#.###
... ..y P
P.P..
.PP....


You could see a yak, a water moccasin and 2 killer bees.

Vanquished Creatures
  Harold (D:8)
  A wraith (Ossuary)
  A steam dragon (D:6)
  4 water moccasins
  Duvessa (D:7)
  3 orc warriors
  2 ice beasts
  A black bear (D:6)
  A sky beast (D:7)
  2 necrophages
  2 ogres
  3 centaurs
  A phantom (D:6)
  A bullfrog (D:6)
  A wyvern zombie (D:5)
  3 scorpions
  Dowan (D:7)
  A water moccasin zombie (D:5)
  3 killer bees (D:8)
  A howler monkey (D:6)
  A crimson imp (D:7)
  A hound (D:7)
  3 human zombies (Ossuary)
  4 orc priests
  2 centaur skeletons (D:7)
  Jessica (D:2)
  3 iguanas
  3 orc wizards
  Ijyb (D:3)
  2 hound skeletons
  3 mummies (Ossuary)
  Robin (D:2)
  8 gnolls
  12 adders
  A white imp (D:6)
  An ufetubus (D:6)
  3 worms
  4 dart slugs
  14 orcs
  9 ball pythons
  A bat (D:3)
  An endoplasm (D:4)
  A giant cockroach (D:1)
  12 goblins
  7 hobgoblins
  2 jackals (D:2)
  10 kobolds
  4 quokkas
  A frilled lizard (D:3)
  3 gnoll zombies (Ossuary)
  A goblin zombie (Ossuary)
  A hobgoblin zombie (Ossuary)
  2 kobold zombies (Ossuary)
  A quokka zombie (D:5)
  7 rats
  A rat zombie (D:5)
166 creatures vanquished.

Vanquished Creatures (others)
  17 fungi (D:8)
  21 plants (D:8)
38 creatures vanquished.

Grand Total: 204 creatures vanquished

Notes
Turn   | Place    | Note
-------+----------+-------------------------------------------
     0 | D:1      | jestyr24 the Djinni Earth Elementalist began the quest for
                  | the Orb.
     0 | D:1      | Reached XP level 1. HP: 15/15 MP: 0/0
   328 | D:1      | Found Ycere's Weapon Shop.
   507 | D:1      | Found Syppenti's Antique Weapon Emporium.
   509 | D:1      | Found Solibeuz's Jewellery Shop.
   576 | D:1      | Reached skill level 3 in Spellcasting
   576 | D:1      | Reached XP level 2. HP: 20/21 MP: 0/0
   596 | D:1      | Found Ujyrph Xouzee's Magic Scroll Shoppe.
   709 | D:1      | Found a faded altar of an unknown god.
  1170 | D:2      | Reached XP level 3. HP: 22/25 MP: 0/0
  1170 | D:2      | Learned a level 1 spell: Corona
  1549 | D:2      | Reached XP level 4. HP: 18/31 MP: 0/0
  1554 | D:2      | Noticed Robin
  2102 | D:2      | Killed Robin
  2106 | D:2      | Reached skill level 4 in Spellcasting
  2171 | D:2      | Noticed Jessica
  2180 | D:2      | Killed Jessica
  2201 | D:2      | Reached XP level 5. HP: 33/35 MP: 0/0
  2201 | D:2      | Learned a level 2 spell: Ensorcelled Hibernation
  2539 | D:3      | Noticed Ijyb
  2552 | D:3      | Killed Ijyb
  3508 | D:4      | Reached skill level 1 in Fighting
  3508 | D:4      | Reached XP level 6. HP: 28/42 MP: 0/0
  3686 | D:4      | Found a snail-covered altar of Cheibriados.
  3833 | D:4      | Found a glowing golden altar of the Shining One.
  4010 | D:4      | Reached skill level 1 in Short Blades
  4398 | D:5      | Entered Level 5 of the Dungeon
  4419 | D:5      | Found a sand-covered staircase.
  4429 | Ossuary  | Entered an ossuary
  4429 | Ossuary  | Noticed a wraith
  4429 | Ossuary  | Noticed a wraith
  4429 | Ossuary  | Noticed a wraith
  4802 | Ossuary  | Reached skill level 5 in Spellcasting
  5311 | Ossuary  | Reached XP level 7. HP: 48/48 MP: 0/0
  5311 | Ossuary  | Learned a level 3 spell: Call Canine Familiar
  5322 | Ossuary  | Noticed a wraith
  5339 | Ossuary  | Killed a wraith
  5611 | D:5      | Found a staircase to the Ecumenical Temple.
  5620 | Temple   | Entered the Ecumenical Temple
  5735 | Temple   | Became a worshipper of Elyvilon the Healer
  5736 | Temple   | Fell from the grace of Elyvilon
  5777 | Temple   | Became a worshipper of Warmaster Okawaru
  6342 | D:5      | Identified the +7 dagger of Buskase {holy, +Blink Int+5}
  6357 | D:5      | Reached skill level 6 in Spellcasting
  6363 | D:5      | Reached XP level 8. HP: 33/55 MP: 0/0
  6825 | D:5      | Reached * piety under Okawaru
  6963 | D:5      | Found a stormy altar of Qazlal.
  6963 | D:5      | Found a bloodstained altar of Trog.
  6991 | D:5      | Found a blossoming altar of Fedhas.
  6996 | D:5      | Found a sacrificial altar of Ru.
  7612 | D:6      | Reached skill level 7 in Spellcasting
  7989 | D:6      | Reached ** piety under Okawaru
  7990 | D:6      | Reached skill level 5 in Dodging
  7990 | D:6      | Reached XP level 9. HP: 53/62 MP: 0/0
  7990 | D:6      | Learned a level 3 spell: Dazzling Flash
  8604 | D:6      | Reached skill level 8 in Spellcasting
  8779 | D:6      | Reached skill level 1 in Evocations
  9230 | D:7      | Reached skill level 5 in Stealth
  9441 | D:7      | Noticed Dowan
  9443 | D:7      | Noticed Duvessa
  9454 | D:7      | Killed Duvessa
  9456 | D:7      | Killed Dowan
  9714 | D:7      | Reached *** piety under Okawaru
 10073 | D:7      | Found a burning altar of Makhleb.
 10073 | D:7      | Found a shimmering altar of Xom.
 10075 | D:7      | Reached XP level 10. HP: 66/69 MP: 0/0
 10117 | D:8      | Noticed Harold
 10129 | D:8      | Killed Harold
 10130 | D:8      | Reached skill level 5 in Fighting
 10130 | D:8      | Reached skill level 9 in Spellcasting
 10169 | D:8      | Noticed a two-headed ogre
 10175 | D:8      | Reached **** piety under Okawaru
 10186 | D:8      | HP: 2/70 [killer bee (5)]
 10190 | D:8      | Slain by a killer bee

Illustrated notes

Levels and vault maps discovered:
D:1:      evilmike_arrival_fibonacci_small, layout_basic,
          chequers_ecumenical_altar_island, serial_shops,
          nicolae_shop_behind_doors, nicolae_shop_competitors_out_of_business,
          shop, shop, roderic_lattice_a, item_on_display_a
D:2:      layout_rooms, minmay_misc_feat_iff, palyth_stone_intersect,
          amethyst_killhole, uniq_robin, uniq_jessica
D:3:      layout_loops_ring, uniq_ijyb
D:4:      layout_rooms, slow_altar_1, nicolae_overflow_hidden_temple,
          hangedman_decor_slide_cut
D:5:      layout_layer_cave, minmay_overflow_temple_hex,
          minmay_temple_entry_water_ring, enter_ossuary_4,
          hangedman_minor_gate_pass
D:6:      layout_basic, chequers_serial_rivers_micro_a, st_stairs_8
D:7:      layout_rooms, grunt_temple_overflow_champion_of_chaos, uniq_duvessa
D:8:      layout_loops_corners, due_lair_maze_entry_diamond, uniq_harold,
          uniq_maurice
Temple:   compressed_dpeg_circular_temple

Skill      XL: |  1  2  3  4  5  6  7  8  9 10 |
---------------+-------------------------------+-----
Spellcasting   | 3 4 5 6 7 8 9 |  9.3
Stealth        | 2 3 4 5 |  5.5
Fighting       | 1 2 3 4 5 |  5.1
Dodging        | 3 4 5 6 |  6.3
Short Blades   | 1 |  1.0
Evocations     | 2 3 |  3.0

Action                   |  1- 3 |  4- 6 |  7- 9 | 10-12 || total
-------------------------+-------+-------+-------+-------++-------
Melee: Short sword       |     6 |       |       |       ||     6
       Dagger            |       |    47 |    20 |     8 ||    75
 Cast: Sandblast         |    36 |    72 |    32 |       ||   140
       Passwall          |       |     2 |       |       ||     2
       Stone Arrow       |       |    27 |    84 |    13 ||   124
       Corona            |       |     1 |       |       ||     1
       Call Canine Famil |       |       |     3 |       ||     3
       Petrify           |       |       |     4 |     3 ||     7
       Lee's Rapid Decon |       |       |     3 |       ||     3
Invok: Renounce Religion |       |       |     1 |       ||     1
  Use: Scroll            |       |     9 |     7 |     2 ||    18
       Potion            |       |       |     1 |     1 ||     2
 Stab: Sleeping          |     2 |     8 |     1 |       ||    11
Armor: Robe              |     2 |       |       |       ||     2
       Animal skin       |       |    14 |     9 |     4 ||    27
Dodge: Dodged            |     4 |    36 |    31 |    16 ||    87

Table legend: (Time is in decaauts)
 A = Elapsed time spent in this place.
 B = Non-inter-level travel time spent in this place.
 C = Inter-level travel time spent in this place.
 D = Time resting spent in this place.
 E = Time spent auto-exploring this place.
 F = Levels seen in this place.
 G = Mean time per level.
                   A        B        C        D        E       F      G
               +--------+--------+--------+--------+--------+-----+--------+
         Total |  10190 |  10016 |    174 |   3304 |   5013 |  10 | 1019.0 |
       Dungeon |   8883 |   8768 |    115 |   2622 |   4740 |   8 | 1110.4 |
        Temple |    178 |    119 |     59 |      0 |     90 |   1 |  178.0 |
       Ossuary |   1128 |   1128 |      0 |    682 |    183 |   1 | 1128.0 |
               +--------+--------+--------+--------+--------+-----+--------+

Top non-repeatable levels by time:
     D:5: 1970 daAuts
     D:1: 1451 daAuts
     D:6: 1306 daAuts
     D:4: 1137 daAuts
 Ossuary: 1128 daAuts
     D:7: 1114 daAuts
     D:2: 959 daAuts
     D:3: 847 daAuts
  Temple: 178 daAuts
     D:8: 95 daAuts
